 Dungeon Crawl Stone Soup version 0.31-a0-232-gb1c03b2570 (webtiles) character file.

Game seed: 57987080319628928

323 qw the Shooter (level 6, 0/37 HPs)
             Began as a Gargoyle Hexslinger on July 7, 2023.
             Slain by Pikel
             ... wielding a +0 whip of flaming
              (3 damage)
             ... on level 4 of the Dungeon.
             The game lasted 00:01:20 (2849 turns).

qw the Shooter (Gargoyle Hexslinger)                Turns: 2849, Time: 00:01:20

Health: 0/37       AC: 11    Str: 11    XL:     6   Next: 47%
Magic:  8/8        EV: 10    Int: 14    God:
Gold:   196        SH:  0    Dex: 14    Spells: 6/7 levels left

rFire   . . .        f - +1 sling (heavy)
rCold   x . .        (no shield)
rNeg    + . .        c - +0 ring mail
rPois   inf          (no helmet)
rElec   +            (no cloak)
rCorr   .            b - +0 pair of gloves
SInv    .            (no boots)
Will    .....        (no amulet)
Stlth   +            (no ring)
HPRegen 0.26/turn    (no ring)
MPRegen 0.11/turn

%: no passive effects
@: no status effects
A: sickness immunity, AC +4, negative energy resistance 1, electricity
resistance, torment resistance 1, petrification resistance, high MP 1, cold
vulnerability 1
a: no special abilities


You were on level 4 of the Dungeon.
You visited 2 branches of the dungeon, and saw 5 of its levels.

You collected 196 gold pieces.


Innate Abilities, Weirdness & Mutations

You are immune to sickness and miasma.
Your stone body is resilient. (AC +4)
You are immune to poison.
You resist negative energy. (rN+)
You are resistant to electric shocks. (rElec)
You are resistant to unholy torment.
You are immune to petrification.
You have an increased reservoir of magic. (+10% MP)
You are vulnerable to cold. (rC-)


   Skills:
 - Level 3.0 Fighting
 + Level 5.4 Ranged Weapons
 - Level 2.5 Armour
 - Level 1.5 Dodging
 - Level 1.0 Spellcasting
 - Level 2.6 Hexes


You had 6 spell levels left.
You knew the following spells:

 Your Spells              Type           Power      Damage    Failure   Level
a - Slow                  Hex            32%        N/A       21%         1

Your spell library contained the following spells:

 Spells                   Type           Power      Damage    Failure   Level
 Inner Flame              Hex/Fire       4%         N/A       71%         3
 Portal Projectile        Hex/Tloc       8%         N/A       71%         3
 Cause Fear               Hex            4%         N/A       90%         4

Inventory:

Hand Weapons
 f - a +1 heavy sling (weapon)
Armour
 b - a +0 pair of gloves (worn)
 c - a +0 ring mail (worn)
Scrolls
 a - 4 scrolls of identify
Potions
 e - 3 potions of curing
 g - a potion of enlightenment
 h - a potion of resistance
 i - a potion of might {unknown}

Dungeon Overview and Level Annotations

Branches:
Dungeon (4/15)             Temple (1/1) D:4

Altars:
Cheibriados
Dithmenos
Elyvilon
Gozag
Hepliaklqana
Makhleb
Nemelex Xobeh
Ru
Sif Muna
Trog
Uskayaw
Xom

Shops:
D:1 =

Annotations:
D:4 Pikel


Message History

The sling bullet closely misses the lemure.
The sling bullet hits the lemure!
The lemure is heavily wounded.
The lemure hits you. The lemure hits you but does no damage.
You shoot a sling bullet. The sling bullet hits the lemure!
The lemure is heavily wounded.
The lemure hits you but does no damage. The lemure closely misses you.
You shoot a sling bullet. The sling bullet hits the lemure.
The lemure is severely wounded.
The lemure barely misses you.
You shoot a sling bullet. The sling bullet hits the lemure.
The lemure is severely wounded.
The lemure barely misses you. The lemure hits you but does no damage.
You shoot a sling bullet. The sling bullet hits the lemure!
You kill the lemure!
That felt strangely unrewarding.
The lemure hits you but does no damage.
You shoot a sling bullet. The sling bullet hits the lemure!
The lemure is almost dead.
The lemure hits you but does no damage. The lemure hits you.
You shoot a sling bullet. The sling bullet misses the lemure.
The sling bullet hits the lemure but does no damage.
The lemure barely misses you. x2
You shoot a sling bullet. The sling bullet hits the lemure!
You kill the lemure!
That felt strangely unrewarding.
You shoot a sling bullet. The sling bullet barely misses Pikel.
The sling bullet completely misses the lemure.
The sling bullet hits the orc!
You kill the orc!
Pikel barely misses you.
Pikel hits you with a +0 whip of flaming!
Pikel burns you.
You shoot a sling bullet. The sling bullet barely misses Pikel.
The sling bullet barely misses the lemure.
The sling bullet hits the orc!
You kill the orc!
Pikel hits you with a +0 whip of flaming.
Pikel burns you.
You die...

#.......#.#
....
#.......#.# #
#.......#.#
#.......#<#
#.......#.#
#########.#
#.#
..##########.#
.K5l)5K@.....#
..############


You could see Pikel, 2 lemures, an iguana and a kobold.

Vanquished Creatures
  2 lemures (D:4)
  Blork the orc (D:4)
  2 jellies (D:4)
  An iron imp (D:4)
  An orc wizard (D:4)
  2 adders
  A gnoll (D:1)
  4 worms
  2 dart slugs
  8 orcs
  10 bats
  8 endoplasms
  3 giant cockroaches
  9 goblins
  6 hobgoblins
  7 jackals
  7 kobolds
  5 quokkas
  8 ball pythons
  5 frilled lizards
  2 rats
94 creatures vanquished.

Notes
Turn   | Place    | Note
-------+----------+-------------------------------------------
     0 | D:1      | qw the Gargoyle Hexslinger began the quest for the Orb.
     0 | D:1      | Reached XP level 1. HP: 12/12 MP: 2/2
     0 | D:1      | 0 ||| qw: Version: 0.3-a-46-gb1f654a
     0 | D:1      | 0 ||| qw: Game counter: 2918
     0 | D:1      | 0 ||| qw: Melee chars always use a shield: true
     0 | D:1      | 0 ||| qw: God list: Okawaru
     0 | D:1      | 0 ||| qw: Allow faded altars: false
     0 | D:1      | 0 ||| qw: Do Orc after clearing Dungeon:15 true
     0 | D:1      | 0 ||| qw: Do second Lair branch before Depths: true
     0 | D:1      | 0 ||| qw: Lair rune preference: random
     0 | D:1      | 0 ||| qw: Goals: Normal
     0 | D:1      | 0 ||| PLANNING D:1-11
    83 | D:1      | Found Iptinos's One-of-a-Kind Rings.
    90 | D:1      | 90 ||| SHOPLISTING +2 ring of slaying (273 gold, have 5).
    90 | D:1      | 90 ||| SHOPLISTING +3 ring of dexterity (130 gold, have 5).
    90 | D:1      | 90 ||| SHOPLISTING ring "Ichekkell" {rC+ Int+3} (497 gold,
                  | have 5).
    90 | D:1      | 90 ||| SHOPLISTING ring "Igojock" {rPois rF+ rC+ rN+
                  | Slay-2} (478 gold, have 5).
    90 | D:1      | 90 ||| SHOPLISTING ring of Xom's Bemusement {rCorr Str+3
                  | Int+2 Dex-3 SInv} (460 gold, have 5).
   114 | D:1      | Reached XP level 2. HP: 16/16 MP: 3/3
   171 | D:1      | Reached skill level 3 in Ranged Weapons
   228 | D:1      | Reached XP level 3. HP: 20/20 MP: 4/4
   492 | D:1      | 492 ||| READING 2 scrolls labelled GUITSE FOPRY.
   493 | D:1      | 493 ||| READING scroll labelled JUIVUW LOWE.
   494 | D:1      | 494 ||| READING scroll labelled BUULOV OPROL.
   495 | D:1      | 495 ||| DRINKING 2 metallic golden potions.
   495 | D:1      | Gained mutation: Your magical capacity is low. (-10% MP)
                  | [potion of mutation]
   495 | D:1      | Gained mutation: You occasionally lose the ability to read
                  | scrolls when taking damage. [potion of mutation]
   495 | D:1      | Gained mutation: You are frail. (-10% HP) [potion of
                  | mutation]
   496 | D:1      | 496 ||| DRINKING potion of mutation.
   496 | D:1      | Lost mutation: Your magical capacity is low. (-10% MP)
                  | [potion of mutation]
   496 | D:1      | Lost mutation: You occasionally lose the ability to read
                  | scrolls when taking damage. [potion of mutation]
   496 | D:1      | Lost mutation: You are frail. (-10% HP) [potion of
                  | mutation]
   496 | D:1      | Gained mutation: You are vulnerable to cold. (rC-) [potion
                  | of mutation]
   496 | D:1      | Gained mutation: You have an increased reservoir of magic.
                  | (+10% MP) [potion of mutation]
   508 | D:1      | 508 ||| DROPPING scroll of poison.
   607 | D:2      | 607 ||| FLEEEEING.
   608 | D:2      | 608 ||| FLEEEEING.
   611 | D:2      | 611 ||| STAIRDANCE
   699 | D:2      | Reached XP level 4. HP: 26/26 MP: 6/6
   845 | D:2      | HP: 5/26 [frozen (7)]
  1011 | D:2      | Reached skill level 4 in Ranged Weapons
  1156 | D:2      | You fall into a shaft and drop 2 floors!
  1174 | D:4      | Found a snail-covered altar of Cheibriados.
  1198 | D:4      | Reached XP level 5. HP: 13/30 MP: 7/7
  1288 | D:4      | Reached skill level 5 in Ranged Weapons
  1330 | D:4      | 1330 ||| UPGRADING to +0 pair of gloves.
  1335 | D:4      | 1335 ||| READING scroll labelled VEKKEO FOTERU.
  1336 | D:4      | 1336 ||| READING 3 scrolls of identify.
  1336 | D:4      | 1336 ||| IDENTIFYING puce potion
  1337 | D:4      | 1337 ||| READING 2 scrolls of identify.
  1337 | D:4      | 1337 ||| IDENTIFYING brown potion
  1819 | D:2      | 1819 ||| UPGRADING to +0 leather armour.
  1829 | D:2      | 1829 ||| DROPPING +0 robe.
  1830 | D:2      | 1830 ||| READING 2 scrolls of identify.
  1830 | D:2      | 1830 ||| IDENTIFYING fizzy inky potion
  1831 | D:2      | 1831 ||| DROPPING potion of magic.
  2214 | D:3      | Reached skill level 3 in Fighting
  2293 | D:3      | Found a sparkling altar of Nemelex Xobeh.
  2409 | D:3      | 2409 ||| UPGRADING to +0 ring mail.
  2419 | D:3      | 2419 ||| DROPPING +0 leather armour.
  2420 | D:3      | 2420 ||| READING scroll labelled HELISUOTADGH.
  2421 | D:3      | 2421 ||| READING 5 scrolls of identify.
  2421 | D:3      | 2421 ||| IDENTIFYING inky potion
  2422 | D:3      | 2422 ||| READING 4 scrolls of identify.
  2422 | D:3      | 2422 ||| IDENTIFYING grey potion
  2535 | D:4      | Found a bloodstained altar of Trog.
  2641 | D:4      | Noticed Blork the orc
  2648 | D:4      | Killed Blork the orc
  2649 | D:4      | Reached XP level 6. HP: 23/37 MP: 8/8
  2708 | D:4      | Found a staircase to the Ecumenical Temple.
  2709 | D:4      | 2709 ||| PLANNING TEMPLE
  2709 | D:4      | 2709 ||| READING scroll labelled DOKIMMYERUNN.
  2719 | Temple   | Entered the Ecumenical Temple
  2756 | Temple   | 2756 ||| PLANNING D:1-11
  2835 | D:4      | Noticed Pikel
  2835 | D:4      | HP: 9/37 [lemure[Pikel] (7)]
  2836 | D:4      | 2836 ||| DRINKING potion of heal wounds.
  2848 | D:4      | HP: 9/37 [Pikel/+0 whip of flaming (1)]
  2849 | D:4      | HP: 3/37 [Pikel/+0 whip of flaming (6)]
  2849 | D:4      | Slain by Pikel

Levels and vault maps discovered:
D:1:      amcnicky_arrival_single_pillar, layout_rooms,
          nicolae_shop_unique_rings
D:2:      layout_basic
D:3:      layout_basic, overflow_temple_1_default
D:4:      layout_basic, mainiacjoe_overflow_surrounded_room, slow_altar_1,
          minmay_temple_entry_crystal_x, uniq_crazy_yiuf_cottage, uniq_pikel,
          uniq_blork_the_orc
Temple:   nicolae_temple_ecumenical_triangle

Skill      XL: |  1  2  3  4  5 |
---------------+----------------+-----
Ranged Weapons | 3 4 5 |  5.4
Fighting       | 2 3 |  3.0
Armour         | 2 |  2.5
Dodging        | |  1.5
Spellcasting   | |  1.0
Hexes          | |  2.6

Action                     |  1- 3 |  4- 6 || total
---------------------------+-------+-------++-------
   Fire: Sling             |   114 |   225 ||   339
    Use: Scroll            |     3 |     8 ||    11
         Potion            |     2 |     1 ||     3
 Armour: Robe              |    24 |    15 ||    39
         Ring mail         |       |    36 ||    36
         Leather armour    |       |    12 ||    12
  Dodge: Dodged            |    55 |    72 ||   127

Table legend:
 A = Non-vault XP
 B = Vault XP
 C = Vault XP percentage of total XP
 D = Non-vault monster count
 E = Vault monster count
 F = Vault count percentage of total count
                 A         B        C        D         E       F
            +---------+---------+-------+---------+---------+-------
      Total |     329 |     136 |  29.2 |      90 |       2 |   2.2
            +---------+---------+-------+---------+---------+-------
        D:1 |      55 |       0 |   0.0 |      25 |       0 |   0.0
        D:2 |      56 |       0 |   0.0 |      22 |       0 |   0.0
        D:3 |      60 |       0 |   0.0 |      23 |       0 |   0.0
        D:4 |     158 |     136 |  46.3 |      20 |       2 |   9.1
            +---------+---------+-------+---------+---------+-------
